 Dungeon Crawl Stone Soup version 0.22-a0-126-g307c7c3 (webtiles) character file.

83 varam the Firebug (level 4, 0/27 HPs)
             Began as an Octopode Fire Elementalist on Jan 30, 2018.
             Slain by a goblin
             ... wielding a +0 dagger
              (3 damage)
             ... on level 2 of the Dungeon.
             The game lasted 00:06:29 (1921 turns).

varam the Firebug (Octopode Fire Elementalist)      Turns: 1921, Time: 00:06:29

Health: 0/27       AC:  1    Str:  7    XL:     4   Next: 44%
Magic:  6/7        EV: 13    Int: 18    God:
Gold:   143        SH:  0    Dex: 12    Spells: 1/7 levels left

rFire    . . .     SeeInvis .   (no weapon)
rCold    . . .     Gourm    .   (no shield)
rNeg     . . .     Faith    .   (helmet restricted)
rPois    .         Spirit   .   (no amulet)
rElec    .         Reflect  .   i - +2 ring of slaying
rCorr    .         Harm     .   (no ring)
MR       .....                  (no ring)
Stlth    +++.......             (no ring)
HPRegen  0.09/turn              (no ring)
MPRegen  0.10/turn              (no ring)
                                (no ring)
                                (no ring)

@: no status effects
A: almost no armour, stealthy swim, amphibious, 8 rings, constrict 8, camouflage
1, gelatinous body 1
a: no special abilities


You were on level 2 of the Dungeon.
You were not hungry.

You visited 1 branch of the dungeon, and saw 3 of its levels.

You collected 143 gold pieces.

Inventory:

Armour
 k - a +1 buckler
Jewellery
 i - a +2 ring of slaying (left tentacle)
Scrolls
 d - a scroll of enchant armour
 f - 2 scrolls of identify
 j - a scroll of teleportation {unknown}
 l - a scroll of fear {unknown}
Potions
 c - 3 potions of heal wounds {unknown}
 e - a potion of magic {unknown}
 h - a potion of lignification {unknown}
 m - 2 potions of curing {unknown}
Books
 a - a book of Flames

   Spells                             Type                      Level
   a - Flame Tongue                   Conjuration/Fire             1
   b - Throw Flame                    Conjuration/Fire             2
   c - Conjure Flame                  Conjuration/Fire             3
   d - Inner Flame                    Hexes/Fire                   3
   e - Sticky Flame                   Conjuration/Fire             4
   f - Fireball                       Conjuration/Fire             5
Comestibles
 b - 4 rations
 g - 5 chunks of flesh


   Skills:
 - Level 2.0 Dodging
 - Level 2.6 Stealth
 - Level 2.0 Spellcasting
 * Level 3.4 Conjurations
 + Level 3.8 Fire Magic


You had one spell level left.
You knew the following spells:

 Your Spells              Type           Power        Failure   Level  Hunger
a - Flame Tongue          Conj/Fire      ##...        4%          1    #......
b - Throw Flame           Conj/Fire      ##....       6%          2    ###....
c - Conjure Flame         Conj/Fire      ##......     12%         3    ###....


Dungeon Overview and Level Annotations

Branches:
Dungeon (3/15)

Altars:

Annotations:
D:2 Sigmund
D:3 Robin


Innate Abilities, Weirdness & Mutations

You cannot wear most types of armour.
You are very stealthy in the water. (Stealth+)
You are amphibious.
You can wear up to eight rings at the same time.
You can use your tentacles to constrict eight enemies at once.
Your skin changes colour to match your surroundings (Stealth+).
Your rubbery body absorbs attacks. (AC +1, EV +1)


Message History

There is a stone staircase leading up here.
The hobgoblin barely misses you.
Robin says, "Bow before me, strongest of all the hobgoblins!"
The goblin closely misses you. x2
You climb upwards.
Level annotation: Sigmund
There is a stone staircase leading down here.
Casting: Throw Flame (safe; 6% risk of failure)
Confirm with . or Enter, or press ? or * to list all spells.
Aiming: Flame Tongue (safe; 4% risk of failure)
Press: ? - help, Shift-Dir - straight line, f - goblin
Aim: a goblin, wielding a dagger The flame tongue hits the goblin.
You kill the goblin!
The goblin hits you but does no damage.
You tentacle-slap the hobgoblin but do no damage.
You grab the hobgoblin.
You constrict the hobgoblin, but do no damage.
The hobgoblin barely misses you. The goblin hits you with a dagger.
You die...

#..... #..... #..... #.....
#..... #..... #.....
######### #############.....
#.......# #@g...............
#.......# #g############.###
#.......# #.# #..# #.......#
#.#############.##
#.......####.)...............
#...............##########..#
###.............'............
#.##..........###########.#
#..'.........<# #..


You could see a hobgoblin and a goblin.

Vanquished Creatures
  A worker ant (D:3)
  2 adders (D:2)
  A worm (D:2)
  2 leopard geckos (D:1)
  A ball python (D:2)
  2 giant cockroaches
  6 goblins
  3 hobgoblins
  5 kobolds
  A quokka (D:3)
  7 bats
  3 frilled lizards
  4 rats
38 creatures vanquished.

Notes
Turn   | Place    | Note
-------+----------+-------------------------------------------
     0 | D:1      | varam the Octopode Fire Elementalist began the quest for the Orb.
     0 | D:1      | Reached XP level 1. HP: 11/11 MP: 3/3
   175 | D:1      | Reached XP level 2. HP: 17/17 MP: 5/5
   569 | D:1      | Reached skill level 2 in Conjurations
   758 | D:2      | Noticed Sigmund
   781 | D:2      | Reached XP level 3. HP: 8/21 MP: 1/6
   993 | D:2      | Learned a level 2 spell: Throw Flame
   997 | D:2      | Learned a level 3 spell: Conjure Flame
  1748 | D:3      | Reached skill level 3 in Conjurations
  1756 | D:3      | Reached XP level 4. HP: 8/27 MP: 2/7
  1911 | D:3      | Noticed Robin
  1921 | D:2      | Slain by a goblin

Vault maps used:
D:1:      onia_arrival_mini_spirals, kennysheep_another_room
D:2:      minitemple, uniq_natasha, uniq_sigmund
D:3:      first_ration, uniq_robin

Skill      XL: |  1  2  3 |
---------------+----------+-----
Conjurations   | 2 3 |  3.4
Dodging        | |  2.0
Stealth        | |  2.6
Spellcasting   | |  2.0
Fire Magic     | |  3.8

Action                   |  1- 3 |  4- 6 || total
-------------------------+-------+-------++-------
Melee: Unarmed           |    74 |    11 ||    85
       Constrict         |    20 |     5 ||    25
       Tentacles         |    11 |     2 ||    13
 Cast: Flame Tongue      |    15 |     1 ||    16
       Throw Flame       |     7 |     2 ||     9
  Use: Scroll            |     5 |       ||     5
 Stab: Sleeping          |     5 |     1 ||     6
  Eat: Chunk             |     3 |     1 ||     4
Armor: Skin              |    14 |     2 ||    16
Dodge: Dodged            |    50 |    16 ||    66
Block: Buckler           |     2 |       ||     2

Table legend:
 A = Spawn XP
 B = Non-spawn XP
 C = Spawn XP percentage of total XP
 D = Spawn monster count
 E = Non-spawn monster count
 F = Spawn count percentage of total count
 G = Total turns spent on level
                    A         B        C        D         E        F      G
               +---------+---------+-------+---------+---------+-------+---------
         Total |       0 |     119 |   0.0 |       0 |      38 |   0.0 |  1921
               +---------+---------+-------+---------+---------+-------+---------
           D:1 |       0 |      22 |   0.0 |       0 |      13 |   0.0 |   879
           D:2 |       0 |      52 |   0.0 |       0 |      15 |   0.0 |   665
           D:3 |       0 |      45 |   0.0 |       0 |      10 |   0.0 |   377
               +---------+---------+-------+---------+---------+-------+---------
